[Event "Titled Tuesday Blitz November 14 Early 2023"]
[White "Zhigalko, Sergei"]
[Black "Vakhlamov, Igor L."]
[WhiteFideId "13502956"]
[BlackFideId "24126748"]
[WhiteElo "2912"]
[BlackElo "2814"]
[Result "0-1"]
[Round "10"]
[TimeControl "180+1"]
[Date "2023.11.14"]
[WhiteClock "0:00:00"]
[BlackClock "0:00:05"]
[Board "17"]

1. e4 c5 2. c3 g6 3. d4 cxd4 4. cxd4 d5 5. e5 a6 6. Nf3 Nc6 7. h3 f6 8. exf6 Nxf6 9. Nc3 Bg7 10. Be3 O-O 11. Be2 Bf5 12. Rc1 Rc8 13. O-O Ne4 14. Nxd5 Kh8 15. Nf4 Qa5 16. Qb3 Nd6 17. a3 Be4 18. Rc5 Qd8 19. Ne6 Qd7 20. Nxf8 Rxf8 21. Ne5 Nxe5 22. dxe5 Nf5 23. Rd1 Qe8 24. e6 Bc6 25. Bf1 g5 26. Bxg5 Qg6 27. Be3 Bf6 28. Qd3 Bh4 29. Rxc6 bxc6 30. Bc5 Qxe6 31. Qc4 Qg6 32. Bd3 Bg5 33. Qg4 Rf7 34. Bc4 e6 35. Re1 Ng7 36. Bd4 Bf6 37. Qxg6 hxg6 38. Bxf6 Rxf6 39. g3 Kh7 40. Kg2 g5 41. h4 gxh4 42. gxh4 Kh6 43. Re5 Nf5 44. Ra5 Nxh4+ 45. Kf1 Nf5 46. Rxa6 Ne3+ 47. Ke2 Nxc4 48. b3 Ne5 49. a4 Kg5 50. Ra5 Kf4 51. Ra8 Rf7 52. a5 Ke4 53. a6 Nf3 54. b4 e5 55. Rc8 Nd4+ 56. Kf1 Ra7 57. b5 cxb5 58. Ra8 Rxa8 0-1


[Site "https://www.chess.com"]

[Event "Titled Tuesday Blitz November 14 Early 2023"]
[White "Steinberg, Nitzan"]
[Black "Sokolovsky, Yahli"]
[WhiteFideId "2801795"]
[BlackFideId "2820242"]
[WhiteElo "2898"]
[BlackElo "2770"]
[Result "1-0"]
[Round "10"]
[TimeControl "180+1"]
[Date "2023.11.14"]
[WhiteClock "0:00:16"]
[BlackClock "0:00:01"]
[Board "18"]

1. Nf3 g6 2. e4 Bg7 3. d4 d6 4. Nc3 a6 5. h4 h6 6. h5 g5 7. Be3 b5 8. a4 b4 9. Nb1 Bb7 10. Nbd2 Nf6 11. Bd3 Ng4 12. c3 bxc3 13. bxc3 Nd7 14. a5 c5 15. Qe2 cxd4 16. cxd4 Nc5 17. Bc2 O-O 18. Rb1 Nxe3 19. Qxe3 Rc8 20. dxc5 Rxc5 21. Bd3 Bc8 22. Nb3 Rc3 23. Nfd4 Qc7 24. O-O Qd8 25. Rfc1 Rxc1+ 26. Rxc1 e5 27. Nc6 Qe8 28. Nd2 Bd7 29. Nb4 Bb5 30. Nd5 Bxd3 31. Qxd3 Qe6 32. Rc7 f5 33. exf5 Qe8 34. f6 Bxf6 35. Qh7# 1-0


[Site "https://www.chess.com"]

[Event "Titled Tuesday Blitz November 14 Early 2023"]
[White "Samunenkov, Ihor"]
[Black "Rychkov, Oleg"]
[WhiteFideId "14187086"]
[BlackFideId "4122852"]
[WhiteElo "2773"]
[BlackElo "2848"]
[Result "0-1"]
[Round "10"]
[TimeControl "180+1"]
[Date "2023.11.14"]
[WhiteClock "0:00:00"]
[BlackClock "0:00:09"]
[Board "19"]

1. d4 Nf6 2. c4 c5 3. d5 d6 4. Nc3 g6 5. e4 Bg7 6. h3 O-O 7. Nf3 e6 8. Be3 exd5 9. cxd5 Re8 10. Nd2 a6 11. a4 Nxe4 12. Ncxe4 f5 13. Be2 fxe4 14. Nc4 Bf5 15. O-O Qf6 16. Qb3 Nd7 17. g4 Qh4 18. Bf4 e3 19. fxe3 Be4 20. Nxd6 Qxh3 21. Nxe4 Rxe4 22. d6+ Kh8 23. Qxb7 Rae8 24. Qxd7 Rxe3 25. Bf3 Bd4 26. Bxe3 Bxe3+ 27. Rf2 Rf8 28. Qe7 Bxf2+ 29. Kxf2 Qxf3+ 30. Kg1 Qxg4+ 31. Kh1 Qh3+ 32. Kg1 Qg3+ 33. Kh1 Qh3+ 34. Kg1 Qg3+ 35. Kh1 Rf2 36. Qe8+ Kg7 37. Qe7+ Kh6 0-1


[Site "https://www.chess.com"]

[Event "Titled Tuesday Blitz November 14 Early 2023"]
[White "Finek, Vaclav"]
[Black "Alexandre, Anne Shopie Elizabeth"]
[WhiteFideId "23718293"]
[BlackFideId "11902418"]
[WhiteElo "2751"]
[BlackElo "2845"]
[Result "1-0"]
[Round "10"]
[TimeControl "180+1"]
[Date "2023.11.14"]
[WhiteClock "0:00:12"]
[BlackClock "0:00:00"]
[Board "20"]

1. Nf3 Nf6 2. g3 b5 3. Bg2 Bb7 4. O-O e6 5. d3 c5 6. e4 d6 7. a4 a6 8. Nc3 b4 9. Ne2 Nbd7 10. b3 Be7 11. Bb2 O-O 12. Nd2 d5 13. Kh1 Ne8 14. f4 Nd6 15. g4 dxe4 16. dxe4 f5 17. gxf5 exf5 18. e5 Bxg2+ 19. Kxg2 Nc8 20. Nc4 Ndb6 21. Qxd8 Rxd8 22. Ne3 g6 23. Rfd1 a5 24. Rxd8+ Bxd8 25. Rd1 Be7 26. c4 bxc3 27. Nxc3 Kf7 28. Nb5 Na7 29. e6+ Kf8 30. Nxa7 Rxa7 31. Bc3 Ra6 32. Kf3 Ke8 33. h3 c4 34. Nxc4 Nxc4 35. bxc4 Rxe6 36. Bxa5 Rc6 37. Bd2 Rxc4 38. Ra1 Rd4 39. Be3 Rd3 40. Ke2 Ra3 41. Rxa3 Bxa3 42. a5 Kd7 43. Kd3 Kc6 44. Kc4 Be7 45. a6 h6 46. a7 Kb7 47. Kd5 g5 48. Ke6 Bd8 49. fxg5 hxg5 50. Kxf5 Be7 51. Kg6 Bd8 52. Bxg5 Bb6 53. h4 Kxa7 54. h5 Bd4 55. h6 1-0


[Site "https://www.chess.com"]

[Event "Titled Tuesday Blitz November 14 Early 2023"]
[White "Timofeev, Artyom"]
[Black "Remolar Gallen, Jose"]
[WhiteFideId "4140419"]
[BlackFideId "2215187"]
[WhiteElo "2842"]
[BlackElo "2495"]
[Result "1/2-1/2"]
[Round "10"]
[TimeControl "180+1"]
[Date "2023.11.14"]
[WhiteClock "0:01:03"]
[BlackClock "0:00:26"]
[Board "21"]

1. c4 Nf6 2. Nc3 g6 3. d4 d5 4. h4 dxc4 5. e4 Nc6 6. e5 Nd5 7. Bxc4 Nb6 8. Bb5 h5 9. Nf3 Bg4 10. d5 a6 11. dxc6 Qxd1+ 12. Nxd1 axb5 13. cxb7 Rb8 14. Nd4 Bg7 15. f4 Bd7 16. Ne3 Rxb7 17. b4 O-O 18. O-O Ra8 19. Rd1 Rba7 20. a3 Be8 21. Kf2 f6 22. Ne6 fxe5 23. Nxg7 exf4 24. Nxe8 fxe3+ 25. Bxe3 Rxe8 26. Bxb6 cxb6 27. Rd5 Rea8 28. Rxb5 Rxa3 29. Rxa3 Rxa3 30. Rxb6 Kf7 31. Rb8 Rb3 32. b5 e5 33. b6 e4 34. b7 Kg7 35. Ke2 e3 36. Kf3 Kh7 37. Ke2 Kg7 38. Kf3 Kh7 39. g3 Kg7 40. Ke2 Kh7 41. Kf3 Kg7 42. Ke2 Kh7 43. Kf3 1/2-1/2


[Site "https://www.chess.com"]

[Event "Titled Tuesday Blitz November 14 Early 2023"]
[White "BardArtem"]
[Black "YouShallNotPass001"]
[WhiteElo "2838"]
[BlackElo "2479"]
[Result "1-0"]
[Round "10"]
[TimeControl "180+1"]
[Date "2023.11.14"]
[WhiteClock "0:00:04"]
[BlackClock "0:00:27"]
[Board "22"]

1. e4 c5 2. c3 g6 3. d4 Qc7 4. Nf3 Bg7 5. h3 d6 6. Bb5+ Bd7 7. Bxd7+ Nxd7 8. O-O Ngf6 9. Re1 O-O 10. e5 Nd5 11. exd6 exd6 12. dxc5 Qxc5 13. Nbd2 Rae8 14. Nb3 Rxe1+ 15. Qxe1 Qc8 16. Qd1 N7b6 17. a4 Qc4 18. a5 Nd7 19. Nbd4 Re8 20. Ra4 Qc5 21. Nb3 Qc6 22. Nbd4 Qc5 23. c4 N5f6 24. Be3 Rxe3 25. fxe3 Ne4 26. Qb3 Ne5 27. Qxb7 Nxf3+ 28. gxf3 Bxd4 29. Qxe4 Bxe3+ 30. Kg2 Qg5+ 31. Qg4 Qf6 32. Ra2 Bc5 33. b3 Qc3 34. Re2 Qc1 35. f4 Qg1+ 36. Kf3 Qf1+ 37. Kg3 h5 38. Qf3 Qg1+ 39. Qg2 Qb1 40. f5 Qxb3+ 41. Qf3 Qb1 42. fxg6 Qxg6+ 43. Kh2 Kf8 44. Qa8+ Kg7 45. Rg2 Bg1+ 46. Rxg1 Qxg1+ 47. Kxg1 1-0


[Site "https://www.chess.com"]

[Event "Titled Tuesday Blitz November 14 Early 2023"]
[White "Gharibyan, Mamikon"]
[Black "Duda, Jan-Krzysztof"]
[WhiteFideId "13308300"]
[BlackFideId "1170546"]
[WhiteElo "2796"]
[BlackElo "3075"]
[Result "1-0"]
[Round "10"]
[TimeControl "180+1"]
[Date "2023.11.14"]
[WhiteClock "0:00:02"]
[BlackClock "0:00:00"]
[Board "23"]

1. e4 c5 2. Nf3 Nc6 3. Bb5 e6 4. Bxc6 bxc6 5. d3 Ne7 6. Qe2 d6 7. e5 Ng6 8. h4 h5 9. exd6 Bxd6 10. Nc3 e5 11. Ne4 Bg4 12. Bg5 f6 13. Nxd6+ Qxd6 14. Bd2 O-O 15. Qe4 Ne7 16. Be3 Nd5 17. Qc4 Rfb8 18. Bxc5 Qd7 19. O-O-O Kh8 20. Rde1 Nf4 21. Rhg1 a5 22. a4 Be6 23. Qc3 Bd5 24. Be3 Rb4 25. b3 Ne6 26. Nd2 Rxh4 27. Rh1 Rxh1 28. Rxh1 Qf7 29. f3 Kg8 30. Ne4 Nd8 31. Rh2 Nb7 32. Kb2 Rb8 33. Nc5 Nxc5 34. Bxc5 Ra8 35. Be3 g5 36. Bd2 Kg7 37. Qc5 h4 38. Bxa5 Qb7 39. Bb4 Kg6 40. Rh1 Rb8 41. Kc3 Qd7 42. Re1 h3 43. gxh3 Qxh3 44. Qd6 Re8 45. a5 Qxf3 46. Bc5 Ra8 47. Bb6 Qf4 48. Kb2 g4 49. d4 Qf2 50. Rxe5 g3 51. Qd7 g2 52. Qg4+ Kf7 53. Rf5 1-0


[Site "https://www.chess.com"]

[Event "Titled Tuesday Blitz November 14 Early 2023"]
[White "Tatarinov, Dmitry"]
[Black "Erdogmus, Yagiz Kaan"]
[WhiteFideId "24160067"]
[BlackFideId "44599790"]
[WhiteElo "2802"]
[BlackElo "3024"]
[Result "0-1"]
[Round "10"]
[TimeControl "180+1"]
[Date "2023.11.14"]
[WhiteClock "0:00:15"]
[BlackClock "0:00:14"]
[Board "24"]

1. c4 c5 2. Nf3 Nf6 3. e3 e6 4. d4 cxd4 5. exd4 Nc6 6. d5 exd5 7. cxd5 Bb4+ 8. Nc3 Ne7 9. d6 Nf5 10. Qe2+ Kf8 11. a3 Bxd6 12. Bg5 Be7 13. O-O-O d6 14. h3 d5 15. g4 Nd6 16. Bg2 Be6 17. Nd4 Qd7 18. Rhe1 Rc8 19. Kb1 h5 20. Nxe6+ fxe6 21. Qxe6 Qxe6 22. Rxe6 Kf7 23. Re2 Nde4 24. Nxe4 dxe4 25. Bxf6 Bxf6 26. Bxe4 hxg4 27. hxg4 Rhe8 28. Rd7+ Re7 29. Bd5+ Kf8 30. Rexe7 Bxe7 31. Rxb7 Rd8 32. Be4 Bc5 33. f3 Rd2 34. b4 Bd4 35. Kc1 Be3 36. Kb1 Bd4 37. a4 g5 38. a5 Bc3 39. Kc1 Rf2 40. Rxa7 Bxb4 41. a6 Bd2+ 42. Kd1 Be3 43. Ra8+ Ke7 44. Bb7 Ra2 45. Rc8 Bf4 46. Rc2 Ra1+ 47. Ke2 Kd6 48. Kd3 Ke5 49. Rc5+ Kd6 50. Rd5+ Kc7 51. Ke4 Ra3 52. Rd3 Ra5 53. Rc3+ Kb8 54. Rc8+ Ka7 55. Rd8 Re5+ 56. Kd4 Re7 57. Rd5 Be3+ 58. Kd3 Bf4 59. Rf5 Re3+ 60. Kd4 Re7 61. Rxf4 gxf4 62. Kd5 Kb6 63. Kd6 Re1 64. Be4 Rxe4 65. fxe4 f3 66. e5 f2 67. e6 f1=Q 68. e7 Qf7 69. Kd7 Qd5+ 70. Ke8 Kc7 71. Kf8 Qf3+ 72. Kg8 Kd7 73. a7 Kxe7 74. g5 Qa8+ 75. Kh7 Qxa7 76. g6 Kf6+ 0-1


[Site "https://www.chess.com"]

[Event "Titled Tuesday Blitz November 14 Early 2023"]
[White "Llorente Zaro, Alfonso"]
[Black "Demchenko, Anton"]
[WhiteFideId "2254131"]
[BlackFideId "4160258"]
[WhiteElo "2776"]
[BlackElo "3006"]
[Result "0-1"]
[Round "10"]
[TimeControl "180+1"]
[Date "2023.11.14"]
[WhiteClock "0:00:01"]
[BlackClock "0:00:16"]
[Board "25"]

1. e4 e5 2. Nf3 Nc6 3. Nc3 Nf6 4. h3 g6 5. d4 exd4 6. Nxd4 Bg7 7. Be3 O-O 8. Nxc6 bxc6 9. e5 Ne8 10. f4 Qh4+ 11. Kd2 d6 12. exd6 Nxd6 13. Qf3 Rb8 14. Rb1 Rd8 15. Kc1 Bxc3 16. Bf2 Bd2+ 17. Kxd2 Ne4+ 18. Ke1 Qe7 19. Qe3 Qb4+ 20. c3 Nxc3 21. a3 Qa5 22. b4 Qf5 23. Rc1 Nd5 24. Qe5 Qd7 25. Qd4 Qe8+ 26. Be2 Ba6 27. Rc2 Nxb4 28. Qxb4 Rxb4 29. axb4 Qe4 30. Rb2 Bxe2 0-1


[Site "https://www.chess.com"]

[Event "Titled Tuesday Blitz November 14 Early 2023"]
[White "Maksimovic, Bojan"]
[Black "Ashraf, Artin"]
[WhiteFideId "14408120"]
[BlackFideId "22514805"]
[WhiteElo "2804"]
[BlackElo "2920"]
[Result "0-1"]
[Round "10"]
[TimeControl "180+1"]
[Date "2023.11.14"]
[WhiteClock "0:00:02"]
[BlackClock "0:00:10"]
[Board "26"]

1. Nf3 Nf6 2. g3 e6 3. Bg2 d5 4. O-O c5 5. d3 Nc6 6. Nbd2 Be7 7. e4 Qc7 8. Re1 O-O 9. c3 b5 10. h4 a5 11. exd5 exd5 12. Nf1 h6 13. Bf4 Bd6 14. Bxd6 Qxd6 15. d4 Bg4 16. dxc5 Qxc5 17. Ne3 Bh5 18. Qd2 Rad8 19. Nd4 Ne4 20. Qd3 Ne5 21. Qxb5 Qxb5 22. Nxb5 Nd3 23. Reb1 Ndxf2 24. Nd4 Nd3 25. Nxd5 Nxg3 26. Kh2 Ne2 27. Nxe2 Bxe2 28. b4 f5 29. bxa5 f4 30. a6 f3 31. Bh3 Kh7 32. Nb6 Rf4 33. a7 Rxh4 34. Kg3 g5 35. a8=Q Rxa8 36. Nxa8 Nf4 37. Bg4 Kg7 38. Nc7 Kf6 39. c4 h5 40. Bc8 Nd3 41. Nd5+ Ke5 42. Rb5 Kd4 43. Nf6 Ke3 44. Rxg5 Rxc4 45. Nd5+ Kd2 46. Rxh5 Rxc8 47. Ne7 Re8 48. Nf5 Rg8+ 49. Kh2 Rg2+ 50. Kh3 Nf2+ 51. Kh4 Rg4# 0-1


[Site "https://www.chess.com"]

[Event "Titled Tuesday Blitz November 14 Early 2023"]
[White "Yeletsky, Ivan"]
[Black "Nigmatov, Ortik"]
[WhiteFideId "24180327"]
[BlackFideId "14202131"]
[WhiteElo "2899"]
[BlackElo "2768"]
[Result "1-0"]
[Round "10"]
[TimeControl "180+1"]
[Date "2023.11.14"]
[WhiteClock "0:00:12"]
[BlackClock "0:00:00"]
[Board "27"]

1. c4 e5 2. g3 Nc6 3. Bg2 g6 4. Nc3 Bg7 5. Rb1 a5 6. d3 f5 7. a3 Nf6 8. b4 axb4 9. axb4 d6 10. e3 O-O 11. Nf3 h6 12. O-O g5 13. b5 Ne7 14. c5 Ng6 15. b6 dxc5 16. bxc7 Qxc7 17. Nd2 Kh7 18. Nc4 Ra6 19. Qb3 Rf7 20. Nb5 Qd7 21. Nbd6 b5 22. Nxf7 bxc4 23. Qxc4 Ra7 24. Qxc5 Qxf7 25. Qxc8 Nd7 26. Bb2 Ne7 27. Qd8 Qe6 28. Ra1 Rxa1 29. Bxa1 Nc6 30. Qc7 Nb4 31. g4 Nxd3 32. gxf5 Qxf5 33. Qc2 e4 34. Bxg7 Kxg7 35. Qc7 Kg6 36. f3 Qc5 37. Qxd7 Qxe3+ 38. Kh1 Nf2+ 39. Rxf2 Qxf2 40. Qe6+ Kh5 41. Qxe4 1-0


[Site "https://www.chess.com"]

[Event "Titled Tuesday Blitz November 14 Early 2023"]
[White "Madaminov, Mukhiddin"]
[Black "Petkov, Momchil"]
[WhiteFideId "14210703"]
[BlackFideId "2921642"]
[WhiteElo "2872"]
[BlackElo "2757"]
[Result "1-0"]
[Round "10"]
[TimeControl "180+1"]
[Date "2023.11.14"]
[WhiteClock "0:00:04"]
[BlackClock "0:00:02"]
[Board "28"]

1. e4 c5 2. Nf3 Nc6 3. Nc3 Nf6 4. Bb5 Qc7 5. O-O Nd4 6. Be2 e6 7. Re1 Bd6 8. g3 a6 9. a4 b6 10. d3 Bb7 11. Bf1 Nxf3+ 12. Qxf3 Be5 13. Bf4 d6 14. Bxe5 dxe5 15. h4 O-O 16. Qe3 Nd7 17. Bg2 f5 18. exf5 Bxg2 19. Kxg2 exf5 20. Qf3 Rae8 21. Nd5 Qd6 22. Ne3 e4 23. dxe4 fxe4 24. Qd1 Qe7 25. Qd5+ Kh8 26. Rad1 Nf6 27. Qb3 Rb8 28. Re2 b5 29. axb5 axb5 30. Nd5 Qf7 31. Nxf6 Qxf6 32. Qe3 Qf3+ 33. Kg1 Rbd8 34. Rxd8 Rxd8 35. Qxf3 exf3 36. Re3 g5 37. Rxf3 gxh4 38. gxh4 Rd2 39. Rc3 c4 40. Kg2 Kg7 41. b3 Rd4 42. bxc4 bxc4 43. Kg3 Kf6 44. Rf3+ Ke5 45. Rf7 Rd2 46. Re7+ Kf6 47. Rxh7 Rxc2 48. Rc7 Rc1 49. Kf4 c3 50. Rc6+ Ke7 51. Kf5 c2 52. f4 Kd7 53. Rc3 Ke7 54. Rc7+ Kd6 55. Rc3 Ke7 56. h5 Kf7 57. Rc7+ Kf8 58. Kf6 Ke8 59. f5 Kd8 60. Rc3 Kd7 61. h6 Rh1 62. Rxc2 Rxh6+ 63. Kg7 Ra6 64. Re2 Ra4 65. f6 Rg4+ 66. Kf8 Kd6 67. f7 Kd7 68. Re1 Rg2 69. Re4 Rg3 70. Rd4+ Kc7 71. Ke7 Re3+ 72. Kf6 Rf3+ 73. Ke6 Kc6 74. Rd8 Re3+ 75. Kf6 Re4 76. f8=Q 1-0


[Site "https://www.chess.com"]

[Event "Titled Tuesday Blitz November 14 Early 2023"]
[White "Klukin, Kirill"]
[Black "Hayrapetyan, Hovik"]
[WhiteFideId "24199273"]
[BlackFideId "13302639"]
[WhiteElo "2850"]
[BlackElo "2735"]
[Result "1-0"]
[Round "10"]
[TimeControl "180+1"]
[Date "2023.11.14"]
[WhiteClock "0:00:05"]
[BlackClock "0:00:00"]
[Board "29"]

1. d4 Nf6 2. Nf3 d5 3. c4 e6 4. Nc3 Bb4 5. Bd2 O-O 6. e3 b6 7. cxd5 exd5 8. Bd3 Bb7 9. O-O Re8 10. Rc1 Bf8 11. Ne5 c5 12. f4 Nc6 13. Ne2 Rc8 14. Be1 Ne4 15. Nc3 cxd4 16. Nxe4 dxe4 17. Bxe4 Nxe5 18. Bxb7 Rxc1 19. Qxc1 Nd3 20. Qc4 dxe3 21. Bd5 Bc5 22. Qxd3 e2+ 23. Rf2 Bxf2+ 24. Kxf2 Qh4+ 25. g3 Qxh2+ 26. Bg2 Qh6 27. b4 Qe6 28. a3 h5 29. Bf3 g6 30. Bxe2 h4 31. gxh4 Qf6 32. Kg2 Qxf4 33. Bg3 Qf6 34. Bf3 Qb2+ 35. Kh3 Qf6 36. Bd5 Rd8 37. Qf3 Qxf3 38. Bxf3 Rd3 39. Kg4 Rxa3 40. b5 Rb3 41. Bc6 Rb4+ 42. Kg5 Rb3 43. Be5 Rb1 44. Bd7 Rg1+ 45. Kf4 Rf1+ 46. Ke4 f6 47. Bd4 Kf7 48. Kd5 Rh1 49. Bf2 Rd1+ 50. Kc6 Ra1 51. Kb7 Ra4 52. Bg3 g5 53. hxg5 fxg5 54. Bc6 g4 55. Bb8 Ra3 56. Bxa7 g3 57. Bxb6 Kf6 58. Bc5 Rc3 59. Bd4+ Kf5 60. Bxc3 1-0


[Site "https://www.chess.com"]

[Event "Titled Tuesday Blitz November 14 Early 2023"]
[White "Halkias, Stelios"]
[Black "Kozak, Antoni"]
[WhiteFideId "4201809"]
[BlackFideId "21832030"]
[WhiteElo "2731"]
[BlackElo "2844"]
[Result "0-1"]
[Round "10"]
[TimeControl "180+1"]
[Date "2023.11.14"]
[WhiteClock "0:00:11"]
[BlackClock "0:00:54"]
[Board "30"]

1. Nf3 g6 2. d4 Bg7 3. c4 d6 4. Nc3 c5 5. d5 Bxc3+ 6. bxc3 e5 7. dxe6 Bxe6 8. e4 Nf6 9. Bd3 Nc6 10. O-O Nd7 11. Bf4 Nde5 12. Be2 Qf6 13. Bg3 Rd8 14. Rb1 b6 15. Nd2 h5 16. f4 Ng4 17. f5 Bd7 18. Bxg4 hxg4 19. e5 Qg5 20. e6 fxe6 21. Bf4 Qxf5 22. Bxd6 Qd3 23. Qxg4 e5 24. Qg5 Bf5 25. Qf6 Kd7 26. Bxe5 Qe3+ 27. Kh1 Qxe5 0-1


[Site "https://www.chess.com"]

[Event "Titled Tuesday Blitz November 14 Early 2023"]
[White "djokovic74"]
[Black "Cherniaiev, Tykhon"]
[BlackFideId "14182360"]
[WhiteElo "2728"]
[BlackElo "2836"]
[Result "0-1"]
[Round "10"]
[TimeControl "180+1"]
[Date "2023.11.14"]
[WhiteClock "0:00:02"]
[BlackClock "0:00:14"]
[Board "31"]

1. e4 e5 2. Nf3 Nc6 3. Bb5 a6 4. Ba4 Nge7 5. O-O Ng6 6. c3 d5 7. Re1 Be7 8. exd5 Qxd5 9. d4 Bg4 10. Bb3 Bxf3 11. Bxd5 Bxd1 12. Rxd1 exd4 13. cxd4 O-O-O 14. Bxc6 bxc6 15. Be3 f5 16. f3 c5 17. Nc3 cxd4 18. Rxd4 Bf6 19. Rc4 Ne5 20. Rc5 Nd3 21. Rxf5 Nxb2 22. Nd5 Nc4 23. Rc1 Nxe3 24. Nxe3 Bd4 25. Kf2 Rhe8 26. Re1 Bb6 27. Rf4 Rd2+ 28. Kg3 Rxe3 29. Rc1 Ree2 30. Kg4 Rxg2+ 31. Kf5 Rd5+ 32. Ke6 Rd6+ 33. Ke7 Re2+ 34. Kf7 Rd7+ 35. Kf8 Be3 36. Re4 Bxc1 37. Rxe2 g5 38. Re4 h5 39. h4 Kb7 40. Rc4 Bf4 41. Rb4+ Kc6 42. Re4 Rd3 43. Kf7 Rxf3 44. Kg6 gxh4 45. Kxh5 h3 46. Kg4 h2 47. Re1 Rg3+ 48. Kxf4 Rg1 49. Re6+ Kd7 50. Rh6 h1=Q 51. Rxh1 Rxh1 0-1


[Site "https://www.chess.com"]

[Event "Titled Tuesday Blitz November 14 Early 2023"]
[White "Hua, Lefong"]
[Black "Szpar, Milosz"]
[WhiteFideId "2602253"]
[BlackFideId "1184989"]
[WhiteElo "2716"]
[BlackElo "2832"]
[Result "0-1"]
[Round "10"]
[TimeControl "180+1"]
[Date "2023.11.14"]
[WhiteClock "0:00:06"]
[BlackClock "0:00:09"]
[Board "32"]

1. d4 Nf6 2. c4 c5 3. d5 e6 4. Nc3 exd5 5. cxd5 d6 6. e4 g6 7. f4 Bg7 8. Nf3 O-O 9. Be2 Nbd7 10. O-O Re8 11. Nd2 c4 12. a4 Nc5 13. Bf3 Bd7 14. e5 dxe5 15. fxe5 Rxe5 16. Nxc4 Rf5 17. Nd6 Bxa4 18. Nxa4 Qxd6 19. Nc3 a6 20. g4 Re5 21. Bf4 Nfd7 22. Bxe5 Nxe5 23. Ne4 Qb6 24. Nxc5 Qxc5+ 25. Kh1 Qd6 26. Bg2 Re8 27. Rc1 Rd8 28. Qe2 h6 29. h3 Qb4 30. Rc2 Rd7 31. Qe4 Qd6 32. Rcf2 Re7 33. Qc2 Rc7 34. Qd1 Nc4 35. Qf3 Nxb2 36. h4 Nc4 37. h5 Ne5 38. Qe4 Rc4 39. Qe2 Nxg4 40. Bh3 Nxf2+ 41. Rxf2 Qxd5+ 42. Bg2 Rc1+ 43. Kh2 Qe5+ 44. Qxe5 Bxe5+ 45. Kh3 Rc3+ 46. Kg4 Rg3+ 0-1


[Site "https://www.chess.com"]

[Event "Titled Tuesday Blitz November 14 Early 2023"]
[White "mind1mover"]
[Black "Dowgird, Filip"]
[BlackFideId "1121235"]
[WhiteElo "2832"]
[BlackElo "2703"]
[Result "1/2-1/2"]
[Round "10"]
[TimeControl "180+1"]
[Date "2023.11.14"]
[WhiteClock "0:00:04"]
[BlackClock "0:00:10"]
[Board "33"]

1. Nf3 d6 2. d4 Bg4 3. g3 Bxf3 4. exf3 Nd7 5. c4 e5 6. Bg2 exd4 7. Qxd4 Ngf6 8. O-O Be7 9. f4 c6 10. Nc3 O-O 11. b3 Qb6 12. Qd2 Rfe8 13. Bb2 a5 14. Rad1 Nc5 15. Qd4 Bf8 16. h3 a4 17. Nxa4 Nxa4 18. bxa4 Qxd4 19. Bxd4 Nd7 20. Rb1 Reb8 21. Bb6 Nc5 22. a5 Be7 23. Rfd1 Kf8 24. Bxc5 dxc5 25. Rd7 Rxa5 26. Rbxb7 Rxb7 27. Rxb7 Bf6 28. Bxc6 Rxa2 29. Bd5 Bd4 30. Rxf7+ Ke8 31. Rb7 Rxf2 32. Kh1 Rf1+ 33. Kg2 Rf2+ 34. Kh1 Rf1+ 35. Kh2 Rf2+ 36. Bg2 Rc2 37. h4 Rxc4 38. Kh3 Rc3 39. Be4 h6 40. h5 Kf8 41. Bd5 Ke8 42. Ra7 Kd8 43. Rf7 Ke8 44. Rc7 Re3 45. Rc6 Ra3 46. Rc7 Kd8 47. Rf7 Rc3 48. Rb7 c4 49. Rb4 Bf2 50. Rxc4 Rxg3+ 51. Kh2 Rd3 52. Kg2 Rxd5 53. Kxf2 Rxh5 54. Kg3 Ke7 55. Ra4 Rd5 56. Ra7+ Rd7 57. Ra6 Rd6 58. Ra7+ Kf6 59. Ra3 Kg6 60. Rb3 Rf6 61. Ra3 Rf5 62. Ra6+ Kh5 63. Ra3 Rb5 64. Rc3 Kg6 65. Rc6+ Kh7 66. Rc3 Rf5 67. Rb3 Rf6 68. Ra3 Rg6+ 69. Kh3 Rg1 70. Ra6 Rf1 71. Kg3 Rg1+ 72. Kf2 Rg4 73. Kf3 h5 74. Ra5 Kh6 75. Ra6+ Rg6 76. Ra8 Rg1 77. Ra6+ g6 78. Ra8 Rf1+ 79. Kg3 Rg1+ 80. Kf2 Rb1 81. Kg3 Rb3+ 82. Kg2 Rc3 83. Kf2 Rd3 84. Ke2 Rb3 85. Kf2 Kg7 86. Ra6 Rc3 87. Kg2 Kh6 88. Ra8 Kg7 89. Ra6 h4 90. Kh2 Kh6 91. Kg2 Kh5 92. Ra5+ Kg4 93. Rg5+ Kxf4 94. Rxg6 Rg3+ 95. Rxg3 hxg3 96. Kg1 Kf3 97. Kf1 g2+ 98. Kg1 Kg3 1/2-1/2


[Site "https://www.chess.com"]

[Event "Titled Tuesday Blitz November 14 Early 2023"]
[White "CrazyAdvenTures"]
[Black "Yaran, Siar"]
[BlackFideId "6323006"]
[WhiteElo "2810"]
[BlackElo "2695"]
[Result "0-1"]
[Round "10"]
[TimeControl "180+1"]
[Date "2023.11.14"]
[WhiteClock "0:00:46"]
[BlackClock "0:01:07"]
[Board "34"]

1. e4 e5 2. Nf3 Nc6 3. d4 d6 4. Bb5 Bd7 5. Bxc6 Bxc6 6. Nc3 Nf6 7. Bg5 Be7 8. Qe2 exd4 9. Nxd4 O-O 10. O-O-O Re8 11. h4 Nxe4 12. Nxe4 Bxe4 13. Kb1 Bxg5 14. hxg5 Bxg2 15. Qh5 Bxh1 16. Rxh1 h6 17. gxh6 g6 18. Qf3 Qe7 19. b3 c6 20. Rg1 Kh7 21. Nf5 Qf6 0-1


[Site "https://www.chess.com"]

[Event "Titled Tuesday Blitz November 14 Early 2023"]
[White "Narayanan, Srinath"]
[Black "Kuzhylnyi, Oleksandr"]
[WhiteFideId "5018420"]
[BlackFideId "34110500"]
[WhiteElo "2805"]
[BlackElo "2646"]
[Result "1-0"]
[Round "10"]
[TimeControl "180+1"]
[Date "2023.11.14"]
[WhiteClock "0:00:39"]
[BlackClock "0:00:23"]
[Board "35"]

1. e4 g6 2. d4 Bg7 3. Nc3 d6 4. Be3 a6 5. h4 Nf6 6. h5 Nxh5 7. Rxh5 gxh5 8. Qxh5 e6 9. Nf3 Qf6 10. Bd3 Qg6 11. Qh2 Nc6 12. e5 Qg4 13. O-O-O dxe5 14. dxe5 Bd7 15. Be2 Qb4 16. a3 Qa5 17. Qh4 Nxe5 18. Nxe5 Bxe5 19. Ne4 Rg8 20. Bc5 Bc6 21. Qe7# 1-0


[Site "https://www.chess.com"]

[Event "Titled Tuesday Blitz November 14 Early 2023"]
[White "Borsuk, Konstantin"]
[Black "Aaditya Dhingra"]
[WhiteFideId "14113406"]
[BlackFideId "25678191"]
[WhiteElo "2769"]
[BlackElo "2627"]
[Result "1-0"]
[Round "10"]
[TimeControl "180+1"]
[Date "2023.11.14"]
[WhiteClock "0:00:08"]
[BlackClock "0:00:00"]
[Board "36"]

1. d4 g6 2. c4 Bg7 3. Nc3 Nf6 4. e4 d6 5. f3 O-O 6. Be3 c5 7. dxc5 dxc5 8. Qxd8 Rxd8 9. Bxc5 Nc6 10. Nd5 Nd7 11. Bxe7 Nxe7 12. Nxe7+ Kf8 13. Nd5 Bxb2 14. Rb1 Bg7 15. Nh3 Nc5 16. Nhf4 Be6 17. Nd3 Rac8 18. h4 h5 19. Kf2 Bd4+ 20. Kg3 Na4 21. Rxb7 Rxc4 22. N3f4 Rc1 23. Nxe6+ fxe6 24. Ne7 Nc5 25. Nxg6+ Kg8 26. Re7 Rb8 27. Kf4 Rbb1 28. Kg5 Rxf1 29. Rxf1 Rxf1 30. Kxh5 Rf2 31. g4 Rxf3 32. g5 Nxe4 33. Re8+ Kg7 34. Rxe6 Nc5 35. Rc6 Bf2 36. Rc7+ Rf7 37. Rc6 Ne4 38. Ne5 Rf5 39. Rc7+ Kg8 40. Kg6 Rf8 41. Ng4 1-0


[Site "https://www.chess.com"]

[Event "Titled Tuesday Blitz November 14 Early 2023"]
[White "Ahmad, Khagan"]
[Black "Rustemov, Alexander"]
[WhiteFideId "13431552"]
[BlackFideId "4119002"]
[WhiteElo "2629"]
[BlackElo "2889"]
[Result "1-0"]
[Round "10"]
[TimeControl "180+1"]
[Date "2023.11.14"]
[WhiteClock "0:00:05"]
[BlackClock "0:00:00"]
[Board "37"]

1. Nf3 d5 2. d4 Nf6 3. c4 c6 4. Nc3 a6 5. c5 Bf5 6. Bf4 e6 7. e3 Be7 8. h3 h6 9. Bd3 Bxd3 10. Qxd3 Nbd7 11. b4 O-O 12. a3 Qc8 13. O-O Bd8 14. Ne5 Bc7 15. Nxd7 Nxd7 16. Bxc7 Qxc7 17. f4 a5 18. b5 b6 19. cxb6 Nxb6 20. Rfc1 Nc4 21. a4 Rfc8 22. Rab1 Rab8 23. e4 Qxf4 24. bxc6 Rxb1 25. Rxb1 Rxc6 26. exd5 Rc8 27. dxe6 fxe6 28. Ne2 Qe3+ 29. Qxe3 Nxe3 30. Nf4 Rc2 31. Rb3 Nf5 32. Nxe6 Ra2 33. d5 Rxa4 34. Rf3 Nd6 35. Rf8+ Kh7 36. Rd8 Ra1+ 37. Kh2 Ne4 38. d6 Rd1 39. d7 Nf6 40. Nf8+ Kg8 41. Ng6+ Kf7 42. Rf8+ Kxg6 43. d8=Q Rxd8 44. Rxd8 h5 45. Ra8 h4 46. Rxa5 Kh6 47. Kg1 g5 48. Kf2 Kg6 49. Kf3 Kh5 50. Ra6 Nd5 51. Rd6 Nf4 52. Rd8 Ng6 53. Re8 Nf4 54. Rg8 Ng6 55. Ke4 Nf4 56. Kf5 Kh6 57. Rxg5 Nd5 58. Rg4 Kh5 59. Rg8 Ne3+ 60. Kf4 Nf1 61. Rh8+ Kg6 62. Rxh4 Nd2 63. Rg4+ Kf6 64. h4 Nb3 65. h5 Nc5 66. h6 Ne6+ 67. Ke4 Nf8 68. Rg8 Nh7 69. Kf4 Ng5 70. Rxg5 1-0


[Site "https://www.chess.com"]